TOP OF THE 1ST |
Madison Bombers batting - Pitching for Plymouth Rocks : LHP Dave Smeddon
|
Pitching: LHP Dave Smeddon
|
|
Batting: RHB Javier Deleón
|
0-0: Called Strike 0-1: Foul Ball, location: 2F 0-2: Hit by Pitch
|
Batting: LHB George Smith
|
0-0: SINGLE (Groundball, 25) (infield hit) Javier Deleón to second
|
Batting: RHB Sergio Márquez
|
0-0: Ball 1-0: Called Strike 1-1: SINGLE (Line Drive, 6D) Javier Deleón to third George Smith to second
|
Batting: LHB Mike Callahan
|
0-0: Ball 1-0: Foul Ball, location: 2F 1-1: DOUBLE (Line Drive, 9LS) Javier Deleón scores George Smith scores Sergio Márquez to third
|
Batting: SHB Jorge Flores
|
0-0: Ball 1-0: Ball 2-0: DOUBLE (Line Drive, 5D) Sergio Márquez scores Mike Callahan scores
|
Batting: RHB Will Brown
|
0-0: Swinging Strike 0-1: Ground out 1-3 (Groundball, 13) Jorge Flores to third
|
Batting: LHB John Horton
|
0-0: Ground out 6-3 (Groundball, 6) Jorge Flores scores
|
Batting: RHB Hunter Plunket
|
0-0: Called Strike 0-1: Foul Ball, location: 2F 0-2: Ball 1-2: DOUBLE (Line Drive, 7LM)
|
Batting: SHB Martín Medina
|
0-0: Called Strike 0-1: Swinging Strike 0-2: Strikes out looking
|
Top of the 1st over - 5 run(s), 5 hit(s), 0 error(s), 1 left on base; Madison 5 - Plymouth 0 |
BOTTOM OF THE 1ST |
Plymouth Rocks batting - Pitching for Madison Bombers : RHP Bennie Jones
|
Pitching: RHP Bennie Jones
|
|
Batting: LHB Roberto García
|
0-0: Called Strike 0-1: Swinging Strike 0-2: Ball 1-2: Ball 2-2: Ball 3-2: Base on Balls
|
Batting: LHB Roy Patrick
|
0-0: Ground out U3 (Groundball, 3) Roberto García to second
|
Batting: RHB Andrés Lara
|
0-0: Ball 1-0: Ground out 6-3 (Groundball, 6)
|
Batting: LHB Barrett Waters
|
0-0: Called Strike 0-1: Ball 1-1: Called Strike 1-2: Strikes out swinging
|
Bottom of the 1st over - 0 run(s), 0 hit(s), 0 error(s), 1 left on base; Madison 5 - Plymouth 0 |
TOP OF THE 2ND |
Madison Bombers batting - Pitching for Plymouth Rocks : LHP Dave Smeddon
|
Batting: RHB Javier Deleón
|
0-0: Foul Ball, location: 2F 0-1: Fly out, F8 (Flyball, 8LM)
|
Batting: LHB George Smith
|
0-0: Ball 1-0: Ball 2-0: Foul Ball, location: 2F 2-1: Foul Ball, location: 2F 2-2: Fly out, F7 (Flyball, 78M)
|
Batting: RHB Sergio Márquez
|
0-0: Ball 1-0: Ball 2-0: Called Strike 2-1: Ground out 6-3 (Groundball, 6)
|
Top of the 2nd over - 0 run(s), 0 hit(s), 0 error(s), 0 left on base; Madison 5 - Plymouth 0 |
BOTTOM OF THE 2ND |
Plymouth Rocks batting - Pitching for Madison Bombers : RHP Bennie Jones
|
Batting: LHB Roger Moore
|
0-0: Called Strike 0-1: DOUBLE (Line Drive, 9LM)
|
Batting: RHB António Gonzáles
|
0-0: Ball 1-0: SINGLE (Groundball, 56D) Roger Moore to third Throwing error, E7 Roger Moore scores António Gonzáles to second
|
Batting: RHB Taylor McFarland
|
0-0: Ground out 5-3 (Groundball, 5S) António Gonzáles to third
|
Batting: SHB Derek Roach
|
0-0: Called Strike 0-1: Fly out, F4 (Popup, 4)
|
Batting: RHB Luis Sánchez
|
0-0: Ball 1-0: Ball 2-0: Called Strike 2-1: Ball Wild Pitch! António Gonzáles scores 3-1: Foul Ball, location: 2F 3-2: Foul Ball, location: 2F 3-2: Fly out, F7 (Line Drive, 78XD)
|
Bottom of the 2nd over - 2 run(s), 2 hit(s), 1 error(s), 0 left on base; Madison 5 - Plymouth 2 |
TOP OF THE 3RD |
Madison Bombers batting - Pitching for Plymouth Rocks : LHP Dave Smeddon
|
Batting: LHB Mike Callahan
|
0-0: Foul Ball, location: 2F 0-1: Foul Ball, location: 2F 0-2: Ball 1-2: Ball 2-2: Strikes out looking
|
Batting: SHB Jorge Flores
|
0-0: Ball 1-0: Fly out, F3 (Flyball, 3D)
|
Batting: RHB Will Brown
|
0-0: Called Strike 0-1: Ball 1-1: Called Strike 1-2: Ball 2-2: DOUBLE (Line Drive, 7LS)
|
Batting: LHB John Horton
|
0-0: Ball 1-0: Ball 2-0: Foul Ball, location: 2F 2-1: DOUBLE (Line Drive, 7LM) Will Brown scores
|
Batting: RHB Hunter Plunket
|
0-0: Ball Wild Pitch! John Horton to third 1-0: Ball 2-0: Swinging Strike 2-1: Foul Ball, location: 2F 2-2: Ball 3-2: Strikes out swinging
|
Top of the 3rd over - 1 run(s), 2 hit(s), 0 error(s), 1 left on base; Madison 6 - Plymouth 2 |
BOTTOM OF THE 3RD |
Plymouth Rocks batting - Pitching for Madison Bombers : RHP Bennie Jones
|
Batting: LHB Roberto García
|
0-0: Ball 1-0: Ball 2-0: Ball 3-0: Called Strike 3-1: Called Strike 3-2: Base on Balls
|
Batting: LHB Roy Patrick
|
0-0: Ball 1-0: Fielders Choice at 2nd, 1-4 (Groundball, 15S)
|
Batting: RHB Andrés Lara
|
0-0: Called Strike 0-1: Ball 1-1: Called Strike 1-2: Ball 2-2: Strikes out swinging
|
Batting: LHB Barrett Waters
|
0-0: Ball 1-0: Foul Ball, location: 2F 1-1: Swinging Strike 1-2: Foul Ball, location: 2F 1-2: Foul Ball, location: 2F 1-2: Fly out, F8 (Flyball, 8LM)
|
Bottom of the 3rd over - 0 run(s), 0 hit(s), 0 error(s), 1 left on base; Madison 6 - Plymouth 2 |
TOP OF THE 4TH |
Madison Bombers batting - Pitching for Plymouth Rocks : LHP Dave Smeddon
|
Batting: SHB Martín Medina
|
0-0: Hit by Pitch
|
Batting: RHB Javier Deleón
|
0-0: Foul Ball, location: 2F 0-1: Ball 1-1: Ball 2-1: Foul Ball, location: 2F 2-2: Foul Ball, location: 2F 2-2: Ball 3-2: Strikes out swinging Martín Medina steals 2nd base Batter strikes out.
|
Batting: LHB George Smith
|
0-0: Called Strike Martín Medina is caught stealing 3rd base 0-1: Ball 1-1: SINGLE (Flyball, 4MD)
|
Batting: RHB Sergio Márquez
|
0-0: Called Strike 0-1: SINGLE (Line Drive, 7S) George Smith to second
|
Batting: LHB Mike Callahan
|
0-0: Ball 1-0: Foul Ball, location: 2F 1-1: Fly out, F8 (Flyball, 8RS)
|
Top of the 4th over - 0 run(s), 2 hit(s), 0 error(s), 2 left on base; Madison 6 - Plymouth 2 |
BOTTOM OF THE 4TH |
Plymouth Rocks batting - Pitching for Madison Bombers : RHP Bennie Jones
|
Batting: LHB Roger Moore
|
0-0: Ball 1-0: Called Strike 1-1: SOLO HOME RUN (Flyball, 9D), Distance : 390 ft
|
Batting: RHB António Gonzáles
|
0-0: Swinging Strike 0-1: Ball 1-1: Ball 2-1: Fly out, F7 (Flyball, 7)
|
Batting: RHB Taylor McFarland
|
0-0: Called Strike 0-1: Ball 1-1: Ball 2-1: TRIPLE (Line Drive, 8RM)
|
Batting: SHB Derek Roach
|
0-0: Ball 1-0: Ball Wild Pitch! Taylor McFarland scores 2-0: Called Strike 2-1: Foul Ball, location: 2F 2-2: SINGLE (Groundball, 3D)
|
Batting: RHB Luis Sánchez
|
0-0: Ball 1-0: Foul Ball, location: 2F 1-1: Called Strike 1-2: Foul Ball, location: 2F 1-2: Strikes out swinging
|
Batting: LHB Roberto García
|
0-0: Ball 1-0: Ground out 3-1 (Groundball, 34)
|
Bottom of the 4th over - 2 run(s), 3 hit(s), 0 error(s), 1 left on base; Madison 6 - Plymouth 4 |
TOP OF THE 5TH |
Madison Bombers batting - Pitching for Plymouth Rocks : LHP Dave Smeddon
|
Batting: SHB Jorge Flores
|
0-0: Called Strike 0-1: Foul Ball, location: 2F 0-2: Foul Ball, location: 2F 0-2: Foul Ball, location: 2F 0-2: Strikes out swinging
|
Batting: RHB Will Brown
|
0-0: Called Strike 0-1: Foul Ball, location: 2F 0-2: Ball 1-2: Foul Ball, location: 2F 1-2: Ball 2-2: Fly out, F9 (Flyball, 9D)
|
Batting: LHB John Horton
|
0-0: Foul Ball, location: 2F 0-1: Ball 1-1: Ground out 6-3 (Groundball, 6)
|
Top of the 5th over - 0 run(s), 0 hit(s), 0 error(s), 0 left on base; Madison 6 - Plymouth 4 |
BOTTOM OF THE 5TH |
Plymouth Rocks batting - Pitching for Madison Bombers : RHP Bennie Jones
|
Batting: LHB Roy Patrick
|
0-0: Foul Ball, location: 2F 0-1: Foul Ball, location: 2F 0-2: Strikes out swinging
|
Batting: RHB Andrés Lara
|
0-0: Ground out 6-3 (Groundball, 6)
|
Batting: LHB Barrett Waters
|
0-0: Called Strike 0-1: TRIPLE (Flyball, 89M)
|
Batting: LHB Roger Moore
|
0-0: Called Strike 0-1: Ball 1-1: Ball 2-1: Fly out, F7 (Flyball, 7LM)
|
Bottom of the 5th over - 0 run(s), 1 hit(s), 0 error(s), 1 left on base; Madison 6 - Plymouth 4 |
TOP OF THE 6TH |
Madison Bombers batting - Pitching for Plymouth Rocks : LHP Dave Smeddon
|
Batting: RHB Hunter Plunket
|
0-0: Foul Ball, location: 2F 0-1: Swinging Strike 0-2: Ball 1-2: Foul Ball, location: 2F 1-2: Ball 2-2: Strikes out looking
|
Batting: SHB Martín Medina
|
0-0: Swinging Strike 0-1: Swinging Strike 0-2: Foul Ball, location: 2F 0-2: Ball 1-2: Ball 2-2: SINGLE (Groundball, 4MD)
|
Batting: RHB Javier Deleón
|
0-0: Called Strike 0-1: Foul Ball, location: 2F 0-2: Ball 1-2: Ball 2-2: DOUBLE (Flyball, 78XD) Martín Medina to third Runner from 3rd tries for Home, throw and OUT! Javier Deleón to third
|
Batting: LHB George Smith
|
0-0: Ball 1-0: Ball 2-0: Called Strike 2-1: Foul Ball, location: 2F 2-2: SINGLE (Line Drive, 34D) Javier Deleón scores
|
Batting: RHB Sergio Márquez
|
0-0: SINGLE (Line Drive, 8RS) George Smith to second
|
Batting: LHB Mike Callahan
|
0-0: Called Strike 0-1: Swinging Strike 0-2: Ball 1-2: Ball 2-2: Strikes out swinging
|
Top of the 6th over - 1 run(s), 4 hit(s), 0 error(s), 2 left on base; Madison 7 - Plymouth 4 |
BOTTOM OF THE 6TH |
Plymouth Rocks batting - Pitching for Madison Bombers : RHP Bennie Jones
|
Batting: RHB António Gonzáles
|
0-0: Called Strike 0-1: Called Strike 0-2: Ball 1-2: Ground out 5-3 (Groundball, 56)
|
Batting: RHB Taylor McFarland
|
0-0: Ball 1-0: Ground out U3 (Groundball, 34)
|
Batting: SHB Derek Roach
|
0-0: Ball 1-0: Ball 2-0: Ball 3-0: Base on Balls
|
Batting: RHB Luis Sánchez
|
0-0: Ball 1-0: Called Strike 1-1: Ground out 6-3 (Groundball, 6S)
|
Bottom of the 6th over - 0 run(s), 0 hit(s), 0 error(s), 1 left on base; Madison 7 - Plymouth 4 |
TOP OF THE 7TH |
Madison Bombers batting - Pitching for Plymouth Rocks : LHP Dave Smeddon
|
Batting: SHB Jorge Flores
|
0-0: Ball 1-0: Called Strike 1-1: Ball 2-1: Swinging Strike 2-2: Ball 3-2: Foul Ball, location: 2F 3-2: DOUBLE (Line Drive, 78D)
|
Batting: RHB Will Brown
|
0-0: Intentional Walk
|
Pitching: RHP Soichiro Ikeda
|
|
Batting: LHB John Horton
|
0-0: Ball 1-0: Called Strike 1-1: Grounds into double play, 4-6-3 (Groundball, 34D) Jorge Flores to third
|
Batting: RHB Hunter Plunket
|
0-0: Ball 1-0: Foul Ball, location: 2F 1-1: Swinging Strike 1-2: Ball 2-2: Strikes out looking
|
Top of the 7th over - 0 run(s), 1 hit(s), 0 error(s), 1 left on base; Madison 7 - Plymouth 4 |
BOTTOM OF THE 7TH |
Plymouth Rocks batting - Pitching for Madison Bombers : RHP Bennie Jones
|
Batting: LHB Roberto García
|
0-0: Ground out 6-3 (Groundball, 6S)
|
Batting: LHB Roy Patrick
|
0-0: Ball 1-0: Foul Ball, location: 2F 1-1: Foul Ball, location: 2F 1-2: Strikes out looking
|
Batting: RHB Andrés Lara
|
0-0: Foul Ball, location: 2F 0-1: SINGLE (Line Drive, 6M)
|
Batting: LHB Barrett Waters
|
0-0: Fly out, F5 (Line Drive, 5)
|
Bottom of the 7th over - 0 run(s), 1 hit(s), 0 error(s), 1 left on base; Madison 7 - Plymouth 4 |
TOP OF THE 8TH |
Madison Bombers batting - Pitching for Plymouth Rocks : RHP Soichiro Ikeda
|
Batting: SHB Martín Medina
|
0-0: Foul Ball, location: 2F 0-1: Foul Ball, location: 2F 0-2: Ball 1-2: Strikes out swinging
|
Batting: RHB Javier Deleón
|
0-0: Called Strike 0-1: Called Strike 0-2: Ball 1-2: Ball 2-2: Ball 3-2: SINGLE (Line Drive, 6MD)
|
Batting: LHB George Smith
|
0-0: Swinging Strike 0-1: Foul Ball, location: 2F 0-2: Ball 1-2: Strikes out swinging
|
Batting: RHB Sergio Márquez
|
0-0: Called Strike Javier Deleón steals 2nd base 0-1: Ball 1-1: Foul Ball, location: 2F 1-2: Foul Ball, location: 2F 1-2: Foul Ball, location: 2F 1-2: Ball 2-2: Strikes out looking
|
Top of the 8th over - 0 run(s), 1 hit(s), 0 error(s), 1 left on base; Madison 7 - Plymouth 4 |
BOTTOM OF THE 8TH |
Plymouth Rocks batting - Pitching for Madison Bombers : RHP Bennie Jones
|
Batting: LHB Roger Moore
|
0-0: Fly out, F7 (Flyball, 7LM)
|
Batting: RHB António Gonzáles
|
0-0: DOUBLE (Line Drive, 78XD)
|
Batting: RHB Taylor McFarland
|
0-0: Ball 1-0: Fly out, F8 (Flyball, 89D) Runner from 2nd tags up, SAFE at 3rd, no throw
|
Batting: SHB Derek Roach
|
0-0: Ball 1-0: Ball 2-0: Foul Ball, location: 2F 2-1: Fly out, F4 (Popup, 4)
|
Bottom of the 8th over - 0 run(s), 1 hit(s), 0 error(s), 1 left on base; Madison 7 - Plymouth 4 |
TOP OF THE 9TH |
Madison Bombers batting - Pitching for Plymouth Rocks : RHP Soichiro Ikeda
|
Batting: LHB Mike Callahan
|
0-0: Ball 1-0: Ball 2-0: Ball 3-0: Base on Balls
|
Batting: SHB Jorge Flores
|
0-0: Ball 1-0: Ball 2-0: Ground out 6-3 (Groundball, 6S) Mike Callahan to second
|
Batting: RHB Will Brown
|
0-0: Intentional Walk
|
Pitching: LHP Enrico Lozano
|
|
Batting: LHB John Horton
|
0-0: Foul Ball, location: 2F 0-1: Ball 1-1: Ball 2-1: Ball 3-1: Called Strike 3-2: Strikes out looking
|
Pitching: RHP Scot MacIntosh
|
|
Batting: RHB Hunter Plunket
|
0-0: Called Strike 0-1: Fielders Choice at 2nd, 6-4 (Groundball, 6)
|
Top of the 9th over - 0 run(s), 0 hit(s), 0 error(s), 1 left on base; Madison 7 - Plymouth 4 |
BOTTOM OF THE 9TH |
Plymouth Rocks batting - Pitching for Madison Bombers : RHP Bennie Jones
|
Pitching: RHP Carlos Ruíz
|
|
Batting: RHB Luis Sánchez
|
0-0: Swinging Strike 0-1: Swinging Strike 0-2: Ball 1-2: Ball 2-2: Ball 3-2: SINGLE (Groundball, 56D)
|
Batting: LHB Roberto García
|
0-0: Swinging Strike 0-1: Ball 1-1: Foul Ball, location: 2F 1-2: Strikes out swinging
|
Batting: LHB Roy Patrick
|
0-0: Ball 1-0: Ball 2-0: Ball 3-0: Called Strike 3-1: Grounds into double play, 5-4-3 (Groundball, 56)
|
Bottom of the 9th over - 0 run(s), 1 hit(s), 0 error(s), 0 left on base; Madison 7 - Plymouth 4 |
|